 Dungeon Crawl Stone Soup version 0.18-a0-1542-g9c1a92e (webtiles) character file.

31135 Scytalen the Destroyer (level 13, -1/83 HPs)
             Began as a Tengu Fire Elementalist on Mar 7, 2016.
             Was a High Priest of Vehumet.
             Engulfed by a cloud of flame (23 damage)
             ... in a volcano on Mar 10, 2016.
             The game lasted 01:39:35 (24727 turns).

Scytalen the Destroyer (Tengu Fire Elementalist)   Turns: 24727, Time: 01:39:35

Health: -1/83      AC:  7    Str: 10    XL:     13   Next: 56%
Magic:  24/24      EV: 17    Int: 23    God:    Vehumet [*****.]
Gold:   1021       SH:  0    Dex: 19    Spells: 6 memorised, 3 levels left

rFire  . . .     SeeInvis .     a - +0 blowgun
rCold  + . .     Gourm    .     z - +1 robe of the Good {+Blink Int+4 Dex+4}
rNeg   . . .     Faith    +     (no shield)
rPois  .         Spirit   .     i - +1 hat {MR+}
rElec  .         Dismiss  .     R - +1 cloak {MR+}
rCorr  .         Reflect  .     (no gloves)
SustAt .         Harm     .     (boots unavailable)
MR     +++..                    m - amulet of faith
Stlth  ++........               r - ring of protection from cold
                                f - ring of protection from magic

@: extremely resistant to hostile enchantments, unstealthy
A: beak, talons 3, shaggy fur 1, able to fly 1
a: Fly, Renounce Religion, Evoke Blink


You were in a volcano.
You worshipped Vehumet.
Vehumet was extremely pleased with you.
You were not hungry.

You visited 3 branches of the dungeon, and saw 16 of its levels.
You also visited: Volcano.

You collected 1021 gold pieces.

Inventory:

Hand Weapons
 a - a +0 blowgun (weapon)
 b - a +2 dagger of venom
Missiles
 k - 382 stones
 P - 23 poisoned needles (quivered)
 X - a tomahawk
Armour
 i - a +1 hat of magic resistance (worn)
 z - the +1 robe of the Good (worn) {+Blink Int+4 Dex+4}
   (You found it on level 4 of the Dungeon)

   It affects your intelligence (+4).
   It affects your dexterity (+4).
   It lets you blink.
 R - a +1 cloak of magic resistance (worn)
Jewellery
 f - a ring of protection from magic (left hand)
 m - an amulet of faith (around neck)
 r - a ring of protection from cold (right hand)
 C - an uncursed ring of stealth {unknown}
 I - a +4 amulet of reflection {unknown}
Wands
 e - a wand of acid (4/15)
 v - a wand of acid (0/15)
 F - a wand of polymorph (15/24)
 H - a wand of lightning (4/15)
 N - a wand of teleportation (3/9)
 Z - a wand of paralysis (12/24)
Scrolls
 j - 2 scrolls of blinking {unknown}
 p - 2 scrolls of enchant armour {unknown}
 t - a scroll of silence {unknown}
 x - a scroll of noise {unknown}
 y - 3 scrolls of magic mapping
 A - 4 scrolls of teleportation
 J - 2 scrolls of amnesia
 K - 2 scrolls of fear {unknown}
 L - 2 scrolls of torment {unknown}
 M - a scroll of vulnerability
 O - a scroll of brand weapon {unknown}
 Q - 3 scrolls of remove curse
 Y - 3 scrolls of recharging
Potions
 d - 5 potions of lignification
 l - 3 potions of curing
 n - 7 potions of agility
 o - a potion of heal wounds
 q - 2 potions of magic
 u - 5 potions of berserk rage
 w - 2 potions of flight
 D - 2 potions of might
 E - a potion of haste
 G - 2 potions of brilliance {unknown}
 S - a potion of cure mutation {unknown}
Books
 g - a book of Flames

   Spells                             Type                      Level
   a - Flame Tongue                   Conjuration/Fire             1
   b - Throw Flame                    Conjuration/Fire             2
   c - Conjure Flame                  Conjuration/Fire             3
   d - Inner Flame                    Hexes/Fire                   3
   e - Sticky Flame                   Conjuration/Fire             4
   f - Fireball                       Conjuration/Fire             5
 s - Kounuwk's Papyrus of the Rocks and Transmigration
   (You found it on level 4 of the Lair of Beasts)

   Spells                             Type                      Level
   a - Sandblast                      Earth                        1
   b - Stone Arrow                    Conjuration/Earth            3
   c - Leda's Liquefaction            Hexes/Earth                  4
   d - Petrify                        Transmutation/Earth          4
   e - Statue Form                    Transmutation/Earth          6
Comestibles
 c - 7 bread rations
 h - 8 meat rations
 B - 2 royal jellies
 T - 8 chunks of flesh
 W - 9 fruits


   Skills:
 - Level 10.3 Fighting
 - Level 11.3 Dodging
 - Level 2.0 Stealth
 - Level 7.0 Spellcasting
 + Level 14.4 Conjurations
 - Level 12.5 Fire Magic


You had 3 spell levels left.
You knew the following spells:

 Your Spells              Type           Power        Failure   Level  Hunger
a - Flame Tongue          Conj/Fire      #####        1%          1    None
b - Conjure Flame         Conj/Fire      ######..     1%          3    None
c - Sticky Flame          Conj/Fire      ######..     1%          4    ###....
d - Fireball              Conj/Fire      ######....   1%          5    #####..
e - Iskenderun's Mystic   Conj           ######..     1%          4    ###....
f - Bolt of Fire          Conj/Fire      ######....   1%          6    ######.


Dungeon Overview and Level Annotations

Branches:
Dungeon (8/15)             Temple (1/1) D:5            Lair (7/8) D:8
 Shoals (0/4) Lair:4        Snake (0/4) Lair:6
  Slime: Lair:6-8

Altars:
Ashenzari
Dithmenos
Elyvilon
Gozag
Kikubaaqudgha
Makhleb
Nemelex Xobeh
Okawaru
Qazlal
Ru
Sif Muna
Trog
Vehumet
Xom
Yredelemnul
Zin
The Shining One

Annotations:
D:7 exclusion: downstairs


Innate Abilities, Weirdness & Mutations

You have a beak for a mouth.
You have claws for feet.
You can fly.
You are covered in fur (AC +1).


Message History

Found a rocky tunnel leading out of this place.
You start resting.
Magic restored.
MP restored: 24
There is a rocky tunnel leading out of this place here.
You start resting.
The air gets thick with the scent of sulphur.
You start resting.
In the distance, the volcano erupts with a roar.
You start resting.
The air gets thick with the scent of sulphur.
You regained 6 hp, and now have 40/83 hp.
You start resting.
In the distance, the volcano erupts with a roar.
You are engulfed in roaring flames.
* * * LOW HITPOINT WARNING * * *
You take 18 damage, and have 22/83 hp.
MASSIVE DAMAGE!!
You are engulfed in roaring flames.
You die...

#≈≈≈≈§≈.#....#..≈≈≈≈≈≈
≈≈§≈≈§≈.##..##.≈.≈≈≈≈≈
#§§§≈≈≈..####..≈≈≈≈≈≈≈
≈#§≈≈.≈.§.......≈≈≈≈≈≈
≈≈≈§§≈........≈≈≈≈≈≈≈
≈§≈≈≈#.######≈≈≈≈≈≈≈
≈§§ ##...## ≈≈≈≈≈≈≈
####§# ≈≈≈≈≈≈≈ #@§##
≈≈≈≈≈≈≈ #### ≈≈≈≈≈


There were no monsters in sight!

Vanquished Creatures
  Josephine (Lair:5)
  3 hydras
  Erolcha (D:8)
  3 death yaks
  A lindwurm (Lair:7)
  Pikel (D:8)
  A deep elf mage (Volcano)
  4 black mambas
  7 elephants
  Maurice (D:8)
  11 spiny frogs
  A rime drake (Lair:3)
  3 komodo dragons
  The ghost of Uhlv the Shield-Bearer, an amateur HOFi (D:4)
  The ghost of Uhlv the Skirmisher, an amateur HOFi (D:3)
  A boulder beetle (Lair:4)
  3 two-headed ogres (Volcano)
  14 blink frogs
  3 wraiths (Lair:5)
  3 basilisks
  3 hogs (Volcano)
  20 yaks
  7 hippogriffs
  3 nagas (Lair:6)
  9 water moccasins
  Edmund (D:6)
  10 porcupines
  Duvessa (D:7)
  3 ice beasts
  A slave (D:7)
  4 orc warriors
  2 phantoms
  5 ogres
  3 centaurs
  A big kobold (D:7)
  10 crocodiles
  10 giant frogs
  A wyvern skeleton (D:6)
  2 scorpions
  Dowan (D:7)
  2 wights (D:8)
  An electric eel (Lair:1)
  3 crimson imps
  A howler monkey (D:5)
  4 hounds
  An orc priest (D:7)
  3 orc wizards
  A gnoll shaman (D:4)
  2 giant frog zombies
  3 jellies
  Jessica (D:2)
  5 iguanas
  4 worker ants
  Ijyb (D:2)
  25 sheep
  A worker ant zombie (D:5)
  Robin (D:2)
  9 gnolls
  30 river rats
  8 adders
  2 howler monkey skeletons
  A shadow imp (D:8)
  An adder zombie (D:5)
  5 worms
  A dart slug (D:2)
  8 giant geckos
  14 orcs
  A ball python (D:2)
  4 giant cockroaches
  24 goblins
  8 hobgoblins
  18 jackals
  15 kobolds
  6 quokkas
  5 bats
  A giant gecko zombie (D:6)
  9 giant newts
  9 rats
  A fungus (D:8)
400 creatures vanquished.

Vanquished Creatures (others)
  3 slaves (D:8)
  A giant frog skeleton (D:8)
  An adder (D:8)
  A giant gecko (D:8)
  10 bushes (Lair:4)
  10 fungi
  3 plants
29 creatures vanquished.

Grand Total: 429 creatures vanquished

Notes
Turn   | Place    | Note
--------------------------------------------------------------
     0 | D:1      | Scytalen the Tengu Fire Elementalist began the quest for the Orb.
     0 | D:1      | Reached XP level 1. HP: 10/10 MP: 4/4
   235 | D:1      | Reached skill level 2 in Conjurations
   261 | D:1      | Reached XP level 2. HP: 15/15 MP: 3/6
   854 | D:1      | Reached XP level 3. HP: 19/19 MP: 3/7
   859 | D:1      | Learned a level 3 spell: Conjure Flame
   983 | D:2      | Noticed Jessica
   989 | D:2      | Killed Jessica
   989 | D:2      | Reached skill level 3 in Conjurations
  1438 | D:2      | Reached XP level 4. HP: 22/24 MP: 6/8
  1907 | D:2      | Noticed Robin
  1950 | D:2      | Noticed Ijyb
  2115 | D:2      | Killed Ijyb
  2115 | D:2      | Reached skill level 4 in Conjurations
  2282 | D:2      | Gained mutation: You can fly. [Tengu growth]
  2282 | D:2      | Reached XP level 5. HP: 28/28 MP: 4/9
  2349 | D:2      | Learned a level 4 spell: Sticky Flame
  2366 | D:2      | Reached skill level 5 in Fire Magic
  2848 | D:2      | Got a slimy robe
  2859 | D:2      | Identified the +0 robe "Yruscha" {Dex+3} (You took it off a goblin on level 2 of the Dungeon)
  2963 | D:2      | Killed Robin
  3153 | D:2      | Found an opulent altar of Gozag.
  3153 | D:2      | Found a shimmering altar of Xom.
  3153 | D:2      | Found a glowing golden altar of the Shining One.
  3886 | D:3      | Reached skill level 5 in Conjurations
  3904 | D:3      | Noticed Uhlv's ghost (amateur HOFi)
  4254 | D:4      | Reached XP level 6. HP: 24/32 MP: 3/10
  4264 | D:4      | Noticed Uhlv's ghost (amateur HOFi)
  4596 | D:3      | Found a shadowy altar of Dithmenos.
  4673 | D:3      | Found a sparkling altar of Nemelex Xobeh.
  4738 | D:4      | Got a fine robe
  4749 | D:4      | Identified the +1 robe of the Good {+Blink Int+4 Dex+4} (You found it on level 4 of the Dungeon)
  5085 | D:4      | Reached skill level 6 in Conjurations
  5134 | D:4      | Killed Uhlv's ghost
  5134 | D:4      | Reached skill level 8 in Conjurations
  5134 | D:4      | Reached XP level 7. HP: 36/36 MP: 0/11
  5839 | D:4      | Reached skill level 1 in Fighting
  6706 | D:3      | Killed Uhlv's ghost
  6706 | D:3      | Reached XP level 8. HP: 45/47 MP: 0/12
  6824 | D:5      | Entered Level 5 of the Dungeon
  6825 | D:5      | Found a staircase to the Ecumenical Temple.
  6884 | Temple   | Entered the Ecumenical Temple
  6938 | Temple   | Became a worshipper of Vehumet
  7021 | D:5      | Reached skill level 5 in Dodging
  7334 | D:5      | Noticed a yak
  7367 | D:5      | Killed a yak
  7998 | D:5      | Reached XP level 9. HP: 50/53 MP: 8/13
  8065 | D:5      | Gained mutation: You are covered in fur (AC +1). [potion of beneficial mutation]
  8203 | D:6      | Reached * piety under Vehumet
  8203 | D:6      | Offered knowledge of Freeze by Vehumet.
  8548 | D:6      | Reached skill level 9 in Conjurations
  8624 | D:6      | Learned a level 5 spell: Fireball
  8669 | D:6      | Noticed Edmund
  8681 | D:6      | Killed Edmund
  9594 | D:7      | Found a glowing silver altar of Zin.
  9737 | D:7      | Noticed Duvessa
  9737 | D:7      | Noticed Dowan
  9747 | D:7      | Killed Dowan
  9752 | D:7      | Killed Duvessa
  9752 | D:7      | Reached ** piety under Vehumet
  9865 | D:7      | Offered knowledge of Magic Dart by Vehumet.
  9865 | D:7      | Reached skill level 10 in Conjurations
 10417 | D:7      | Reached skill level 5 in Fighting
 10622 | D:8      | Reached XP level 10. HP: 59/59 MP: 5/17
 10745 | D:8      | Noticed Pikel
 10760 | D:8      | Killed Pikel
 11066 | D:8      | Found a shadowy altar of Dithmenos.
 11108 | D:8      | Offered knowledge of Throw Frost by Vehumet.
 11209 | D:8      | Noticed Erolcha
 11346 | D:8      | Found a white marble altar of Elyvilon.
 11374 | D:8      | Noticed Maurice
 11383 | D:8      | Killed Maurice
 11694 | D:8      | Found a staircase to the Lair.
 12106 | D:8      | Killed Erolcha
 12276 | D:8      | Upgraded the game from 0.18-a0-1523-gbe15c29 to 0.18-a0-1526-gcb34c7c
 12276 | D:8      | Upgraded the game from 0.18-a0-1526-gcb34c7c to 0.18-a0-1539-g1c7284a
 12278 | Lair:1   | Entered Level 1 of the Lair of Beasts
 12441 | Lair:1   | Reached skill level 11 in Conjurations
 12545 | Lair:1   | Noticed a black mamba
 12557 | Lair:1   | Killed a black mamba
 12557 | Lair:1   | Reached skill level 5 in Spellcasting
 12557 | Lair:1   | Reached XP level 11. HP: 67/67 MP: 13/19
 12966 | D:8      | Reached *** piety under Vehumet
 13618 | Lair:1   | Offered knowledge of Force Lance by Vehumet.
 13622 | Lair:1   | Reached skill level 12 in Conjurations
 14003 | Lair:1   | Reached skill level 10 in Fire Magic
 14606 | Lair:2   | Reached **** piety under Vehumet
 14833 | Lair:2   | Offered knowledge of Iskenderun's Mystic Blast by Vehumet.
 14871 | Lair:2   | Learned a level 4 spell: Iskenderun's Mystic Blast
 15967 | Lair:2   | Noticed an eight-headed hydra
 16713 | Lair:2   | Reached XP level 12. HP: 71/73 MP: 2/20
 17325 | Lair:2   | Killed an eight-headed hydra
 18011 | Lair:3   | Reached skill level 10 in Dodging
 18109 | Lair:3   | Noticed a six-headed hydra
 18267 | Lair:3   | Killed a six-headed hydra
 19026 | Lair:3   | Reached ***** piety under Vehumet
 19047 | Lair:3   | Offered knowledge of Throw Icicle by Vehumet.
 19344 | Lair:3   | Upgraded the game from 0.18-a0-1539-g1c7284a to 0.18-a0-1542-g9c1a92e
 19700 | Lair:4   | Reached skill level 10 in Fighting
 19934 | Lair:4   | Found a staircase to the Shoals.
 19942 | Lair:4   | Noticed a death yak
 19948 | Lair:4   | Noticed a death yak
 19967 | Lair:4   | Noticed a death yak
 19968 | Lair:4   | Noticed a death yak
 20289 | Lair:4   | Noticed a death yak
 20297 | Lair:4   | Noticed a death yak
 20298 | Lair:4   | Killed a death yak
 20436 | Lair:3   | Killed a death yak
 20596 | Lair:4   | Identified Kounuwk's Papyrus of the Rocks and Transmigration (You found it on level 4 of the Lair of Beasts)
 20753 | Lair:4   | Reached XP level 13. HP: 83/83 MP: 19/22
 22551 | Lair:5   | Noticed Josephine
 22558 | Lair:5   | Killed Josephine
 23094 | Lair:6   | Reached skill level 13 in Conjurations
 23307 | Lair:6   | Found a staircase to the Snake Pit.
 23423 | Lair:6   | Offered knowledge of Bolt of Fire by Vehumet.
 23499 | Lair:6   | Learned a level 6 spell: Bolt of Fire
 24298 | Lair:7   | Found a dark tunnel.
 24425 | Volcano  | Entered a volcano
 24469 | Volcano  | Reached skill level 14 in Conjurations
 24727 | Volcano  | Engulfed by a cloud of flame

Vault maps used:
D:1:      eino_arrival_water_cross, minmay_misc_feat_hallway,
          columned_hall_lemuel
D:2:      kennysheep_goblin_castle, gammafunk_temple_overflow_forgotten,
          uniq_robin, uniq_jessica, uniq_iyjb
D:3:      marbit_many_paths, first_bread, grunt_ministairs_1,
          nicolae_dithmenos_through_a_glass_darkly
D:5:      kennysheep_big_flooded_room, minmay_temple_entry_purple_smoke
D:6:      uniq_edmund
D:7:      lemuel_coloured_pillars_altar, uniq_duvessa
D:8:      lemuel_round_altar, lemuel_round_altar, dpeg_oklobed_lair, uniq_pikel,
          uniq_erolcha, uniq_maurice
Temple:   nicolae_temple_god_jail
Lair:1:   grunt_megastairs_4, serial_bayou_shore_a, lemuel_fruit_tree
Lair:3:   beast_lair_carwin_4
Lair:4:   boulder_dual_corridor_run, shoals_dummy_entry, minmay_hedge_maze,
          grunt_megastairs_1
Lair:5:   uniq_josephine
Lair:6:   minmay_snake_entry_guardpost_medium
Lair:7:   nicolae_volcano_entry_vermiform
Volcano:  volcano_village

Skill      XL: |  1  2  3  4  5  6  7  8  9 10 11 12 13 |
---------------+----------------------------------------+-----
Conjurations   | 2 3 4 5 8 10 11 12 14 | 14.4
Fire Magic     | 4 5 6 8 9 12 | 12.5
Fighting       | 3 4 5 7 10 | 10.3
Dodging        | 4 6 8 11 | 11.3
Spellcasting   | 4 5 7 |  7.0
Stealth        | |  2.0

Action                   |  1- 3 |  4- 6 |  7- 9 | 10-12 | 13-15 || total
-------------------------+-------+-------+-------+-------+-------++-------
Melee: Dagger            |     6 |    21 |    33 |    59 |     2 ||   121
 Fire: Blowgun           |       |       |    30 |    47 |    20 ||    97
Throw: Stone             |    27 |    36 |    31 |    14 |       ||   108
       Tomahawk          |       |    40 |    43 |    12 |       ||    95
 Cast: Flame Tongue      |    34 |   145 |   237 |   417 |   211 ||  1044
       Conjure Flame     |       |     2 |    11 |     7 |     2 ||    22
       Sticky Flame      |       |     1 |    12 |    99 |    23 ||   135
       Fireball          |       |       |       |    22 |    12 ||    34
       Iskenderun's Myst |       |       |       |       |     6 ||     6
 Abil: Evoke Blink       |       |       |       |       |     1 ||     1
Evoke: Wand              |       |       |       |     1 |     3 ||     4
  Use: Scroll            |       |     8 |       |     9 |     9 ||    26
       Potion            |       |     1 |     1 |     1 |     2 ||     5
  Eat: Chunk             |     2 |    14 |    19 |    41 |    10 ||    86
       Beef jerky        |       |       |       |     4 |       ||     4
       Pizza             |       |       |       |     1 |       ||     1
       Meat ration       |       |       |       |     1 |     1 ||     2
       Royal jelly       |       |       |       |       |     1 ||     1
